[Event "Titled Tuesday Blitz August 15 Early 2023"]
[White "Rivas Garcia, Victor"]
[Black "Huynh, Lam Binh Nguyen"]
[WhiteFideId "2217740"]
[BlackFideId "12401633"]
[WhiteElo "2235"]
[BlackElo "2301"]
[Result "1-0"]
[Round "11"]
[TimeControl "180+1"]
[Date "2023.08.15"]
[WhiteClock "0:00:40"]
[BlackClock "0:00:15"]
[Board "131"]

1. e4 e6 2. d3 c5 3. g3 Nc6 4. Bg2 g6 5. Be3 d6 6. Qd2 Bg7 7. c3 Rb8 8. a4 a6 9. Ne2 b5 10. axb5 axb5 11. d4 c4 12. O-O Nge7 13. Bh6 O-O 14. Bxg7 Kxg7 15. f4 Na5 16. Qe3 f5 17. Nd2 b4 18. d5 exd5 19. exd5 Re8 20. Qd4+ Kg8 21. Nxc4 Nb3 22. Qd3 Nxa1 23. Rxa1 Qc7 24. Nd4 bxc3 25. bxc3 Bd7 26. Ne6 Bxe6 27. dxe6 d5 28. Ne5 Qb6+ 29. Qd4 Qxe6 30. Ra7 Rb1+ 31. Kf2 Reb8 32. Rxe7 R8b2+ 33. Ke3 Re1+ 34. Kd3 Qxe7 35. Bxd5+ Kf8 36. Nxg6+ Ke8 37. Qh8+ Kd7 38. Nxe7 Rxe7 39. Qd4 Ree2 40. Kc4 Red2 41. Qg7+ Kd6 42. Qf6+ Kd7 43. Qxf5+ Kc7 44. Qf7+ Kc8 45. f5 Rf2 46. f6 Rbe2 47. Qg8+ Kd7 48. Qxh7+ Kd6 49. f7 Re5 50. Qg8 Rxd5 51. f8=Q+ Rxf8 52. Qxd5+ Ke7 53. h4 1-0


[Site "https://www.chess.com"]

[Event "Titled Tuesday Blitz August 15 Early 2023"]
[White "Wang, Alexander J"]
[Black "Haszon, David"]
[WhiteFideId "30955270"]
[BlackFideId "733610"]
[WhiteElo "2291"]
[BlackElo "2466"]
[Result "1-0"]
[Round "11"]
[TimeControl "180+1"]
[Date "2023.08.15"]
[WhiteClock "0:01:59"]
[BlackClock "0:01:16"]
[Board "132"]

1. e4 c5 2. Nf3 e6 3. d4 cxd4 4. Nxd4 Nf6 5. Nc3 Nc6 6. g3 Bb4 7. Bg2 O-O 8. O-O d5 9. exd5 exd5 10. Bg5 Bxc3 11. bxc3 Be6 12. Re1 Qd7 13. Bxf6 gxf6 14. Nxe6 fxe6 15. Qg4+ Kh8 16. Qxe6 Qxe6 17. Rxe6 d4 18. Bxc6 bxc6 19. Rxc6 dxc3 20. Rxc3 Rac8 21. Rxc8 Rxc8 22. Rc1 Rc3 23. Kg2 Ra3 24. c4 Rxa2 25. c5 Rd2 26. Kf3 Kg7 27. c6 Rd8 28. Ke4 Kf7 29. c7 Rc8 30. Kd5 Ke7 31. Kc6 Rf8 32. Kb7 Kd7 33. c8=Q+ 1-0


[Site "https://www.chess.com"]

[Event "Titled Tuesday Blitz August 15 Early 2023"]
[White "Vila Dupla, Aurelio"]
[Black "Pein, Jonathan"]
[WhiteFideId "2203383"]
[BlackFideId "417092"]
[WhiteElo "2125"]
[BlackElo "2427"]
[Result "0-1"]
[Round "11"]
[TimeControl "180+1"]
[Date "2023.08.15"]
[WhiteClock "0:00:00"]
[BlackClock "0:00:16"]
[Board "133"]

1. Nf3 d5 2. d4 Nc6 3. c4 Bf5 4. cxd5 Qxd5 5. Nc3 Qa5 6. d5 O-O-O 7. Bd2 Nb4 8. Rc1 Nxd5 9. Qb3 Nxc3 10. Bxc3 Qd5 11. Qa4 Kb8 12. e3 Nf6 13. Bc4 Qd7 14. Qxd7 Rxd7 15. Bxf7 e6 16. Ne5 Rd8 17. f3 Bd6 18. e4 Bxe4 19. fxe4 Nxe4 20. Nf3 Nxc3 21. bxc3 g6 22. O-O e5 23. Rfd1 e4 24. Nd4 Bc5 25. Kh1 Rd6 26. Ne6 Ba3 27. Rxd6 cxd6 28. Rb1 Rc8 29. Rb3 e3 30. Nd4 Bc5 31. h3 Bxd4 32. cxd4 e2 33. Rb1 Rc2 34. Kh2 Kc7 35. Bd5 b5 36. Bf3 Rxa2 37. Re1 b4 38. Bxe2 a5 39. Bc4 Rc2 40. Bb3 Rc3 41. Ba4 Ra3 42. Be8 b3 43. Rc1+ Kd8 44. Bc6 b2 45. Rb1 Rb3 46. d5 Kc7 47. Ba4 Rb4 48. Bc6 Kb6 49. Bd7 Kc5 50. Bc6 a4 51. Bxa4 Kxd5 52. Rxb2 Rxb2 0-1


[Site "https://www.chess.com"]

[Event "Titled Tuesday Blitz August 15 Early 2023"]
[White "Nugumanov, Bakhtiyar"]
[Black "Iunusovnuriddin"]
[WhiteFideId "13701797"]
[WhiteElo "2109"]
[BlackElo "2296"]
[Result "1-0"]
[Round "11"]
[TimeControl "180+1"]
[Date "2023.08.15"]
[WhiteClock "0:00:13"]
[BlackClock "0:00:13"]
[Board "134"]

1. e4 e5 2. Nf3 Nc6 3. Bb5 a6 4. Ba4 Nf6 5. O-O b5 6. Bb3 Bb7 7. c3 Nxe4 8. Re1 d5 9. d3 Nc5 10. Nxe5 Nxe5 11. Rxe5+ Be7 12. Bc2 d4 13. Qe2 Ne6 14. Bb3 O-O 15. Bxe6 fxe6 16. Nd2 Bd6 17. Rh5 g6 18. Rh3 Qg5 19. Ne4 Qe5 20. Bh6 Rf7 21. Re1 Rd8 22. f4 Qd5 23. Bg5 dxc3 24. Bxd8 Qd4+ 25. Qe3 Qxe3+ 26. Rhxe3 cxb2 27. Nxd6 cxd6 28. Rxe6 Rxf4 29. Bg5 Rb4 30. Re8+ 1-0


[Site "https://www.chess.com"]

[Event "Titled Tuesday Blitz August 15 Early 2023"]
[White "Vaglio Munoz, Jaime"]
[Black "Saucey, Michel"]
[WhiteFideId "6500145"]
[BlackFideId "601845"]
[WhiteElo "2224"]
[BlackElo "2273"]
[Result "1-0"]
[Round "11"]
[TimeControl "180+1"]
[Date "2023.08.15"]
[WhiteClock "0:00:53"]
[BlackClock "0:00:43"]
[Board "135"]

1. e4 c5 2. a3 g6 3. b4 Bg7 4. c3 d5 5. d3 dxe4 6. dxe4 Qxd1+ 7. Kxd1 Nf6 8. f3 O-O 9. Be3 Nfd7 10. Kc2 Nc6 11. Ra2 b6 12. Nd2 Bb7 13. Nh3 Rac8 14. b5 Na5 15. c4 Ne5 16. Be2 Rfd8 17. Rd1 h5 18. Nf4 e6 19. h4 Rd7 20. Nh3 Rcd8 21. Bf4 Nd3 22. Bxd3 Rxd3 23. Nf2 Rc3+ 24. Kb1 Nb3 25. Nxb3 Rxb3+ 26. Kc2 Rxd1 27. Nxd1 1-0


[Site "https://www.chess.com"]

[Event "Titled Tuesday Blitz August 15 Early 2023"]
[White "Schachpanda_Youtube"]
[Black "Rodriguez Santiago, Jaime"]
[BlackFideId "3100898"]
[WhiteElo "2223"]
[BlackElo "2273"]
[Result "0-1"]
[Round "11"]
[TimeControl "180+1"]
[Date "2023.08.15"]
[WhiteClock "0:00:00"]
[BlackClock "0:00:34"]
[Board "136"]

1. e4 c6 2. d4 d5 3. f3 dxe4 4. fxe4 e5 5. Nf3 Bg4 6. c3 Bd6 7. Nbd2 Nd7 8. Be2 Ngf6 9. Nc4 Bc7 10. Nfxe5 Bxe2 11. Qxe2 Nxe5 12. Nxe5 O-O 13. O-O Bxe5 14. dxe5 Nd7 15. Bf4 Qe7 16. Qh5 Rae8 17. Rad1 Qc5+ 18. Kh1 Nxe5 19. Bxe5 Rxe5 20. Rf5 Rxf5 21. Qxf5 Qe3 22. Qf3 Qg5 23. h3 Qe7 24. Qf5 g6 25. Qg4 Re8 26. Rd7 Qf6 27. Rxb7 h5 28. Qf3 Qe6 29. Rxa7 Rd8 30. Kh2 Rd2 31. Qg3 Rxb2 32. Ra8+ Kh7 33. Rf8 Kg7 34. Rb8 Qxe4 35. Rxb2 h4 36. Rc2 hxg3+ 37. Kxg3 Qxc2 0-1


[Site "https://www.chess.com"]

[Event "Titled Tuesday Blitz August 15 Early 2023"]
[White "KSho99"]
[Black "Ai, Evan"]
[BlackFideId "2094770"]
[WhiteElo "2215"]
[BlackElo "2263"]
[Result "1-0"]
[Round "11"]
[TimeControl "180+1"]
[Date "2023.08.15"]
[WhiteClock "0:00:07"]
[BlackClock "0:00:01"]
[Board "137"]

1. d4 Nf6 2. Nc3 d5 3. Bf4 c6 4. e3 Bf5 5. f3 h5 6. Bd3 Bxd3 7. cxd3 Nbd7 8. Nge2 e6 9. O-O Be7 10. Kh1 h4 11. e4 Nh5 12. Be3 Qc7 13. Rc1 Nb6 14. Kg1 f5 15. Qd2 O-O-O 16. Nb5 Qb8 17. Nf4 Kd7 18. Nc3 Nxf4 19. Bxf4 Bd6 20. e5 Be7 21. Bg5 Rh5 22. Bxe7 Kxe7 23. Ne2 g5 24. Qb4+ Kd7 25. a4 Rg8 26. a5 Nc8 27. a6 b6 28. Qc3 Qc7 29. b4 Ne7 30. b5 g4 31. bxc6+ Nxc6 32. Nf4 gxf3 33. Nxh5 Rxg2+ 34. Kh1 Qc8 35. Rxf3 Rg5 36. Nf6+ Ke7 37. Qxc6 1-0


[Site "https://www.chess.com"]

[Event "Titled Tuesday Blitz August 15 Early 2023"]
[White "Mirzanurov, Bulat"]
[Black "Hrescak, Ivana"]
[WhiteFideId "4184521"]
[BlackFideId "14613441"]
[WhiteElo "2198"]
[BlackElo "2261"]
[Result "1-0"]
[Round "11"]
[TimeControl "180+1"]
[Date "2023.08.15"]
[WhiteClock "0:00:12"]
[BlackClock "0:00:02"]
[Board "138"]

1. e4 e5 2. Nf3 Nc6 3. Bb5 a6 4. Ba4 b5 5. Bb3 g6 6. O-O Bg7 7. c3 Nge7 8. d4 exd4 9. cxd4 d6 10. Nc3 O-O 11. Bg5 h6 12. Be3 Bg4 13. Qd2 Bxf3 14. gxf3 Qd7 15. Kg2 Na5 16. Bxh6 Nxb3 17. axb3 Kh7 18. Bxg7 Kxg7 19. d5 Rh8 20. Qf4 Qh3+ 21. Kg1 Rh5 22. Qg3 Qd7 23. Qg4 f5 24. Qg3 Rah8 25. e5 Rxh2 26. e6 Qc8 27. Qxh2 Rxh2 28. Kxh2 f4 29. Rh1 c6 30. Rad1 Nxd5 31. Nxd5 cxd5 32. Rxd5 Qxe6 33. Rhd1 Qe2 34. R1d2 Qxf3 35. Rxd6 Qh5+ 36. Kg2 f3+ 37. Kg3 Qh1 38. Rxa6 Qg2+ 39. Kf4 Kh6 40. Rdd6 Qg5+ 41. Kxf3 Qf5+ 42. Kg3 Qe5+ 43. Kf3 Qf5+ 44. Ke3 Qe5+ 45. Kd3 Qf5+ 46. Kc3 Qe5+ 47. Kb4 Qe4+ 48. Ka3 b4+ 49. Ka2 Qc2 50. Rxg6+ Qxg6 51. Rxg6+ Kxg6 52. Kb1 Kf5 53. Kc2 Ke4 54. Kd2 Kf3 55. Ke1 Kf4 56. Ke2 Ke4 57. f3+ Kf4 58. Kf2 Kf5 59. Ke3 Ke5 60. f4+ 1-0


[Site "https://www.chess.com"]

[Event "Titled Tuesday Blitz August 15 Early 2023"]
[White "Juicy_Fork"]
[Black "Tharushi, T H D Niklesha"]
[BlackFideId "9918264"]
[WhiteElo "2254"]
[BlackElo "2176"]
[Result "1-0"]
[Round "11"]
[TimeControl "180+1"]
[Date "2023.08.15"]
[WhiteClock "0:00:34"]
[BlackClock "0:00:11"]
[Board "139"]

1. e4 c5 2. Nf3 d6 3. d4 cxd4 4. Nxd4 Nf6 5. Nc3 g6 6. Be3 Bg7 7. f3 O-O 8. Qd2 Nc6 9. O-O-O d5 10. exd5 Nxd5 11. Nxc6 bxc6 12. Bd4 e5 13. Bc5 Re8 14. Ne4 f5 15. Nd6 Be6 16. Nxe8 Qxe8 17. h4 Nf4 18. Kb1 Nh5 19. Ba6 Rb8 20. Rhe1 Qf7 21. b3 Nf4 22. Qd8+ Rxd8 23. Rxd8+ Bf8 24. Rxf8+ Qxf8 25. Bxf8 Kxf8 26. Rxe5 Kf7 27. Bf1 Kf6 28. Ra5 Nd5 29. Rxa7 Ne3 30. Bd3 h5 31. Rc7 Nxg2 32. a4 Nxh4 33. a5 Nxf3 34. a6 h4 35. a7 h3 36. a8=Q h2 37. Qh8+ Kg5 38. Qh3 Bd5 39. Be2 Nd2+ 40. Kc1 h1=Q+ 41. Qxh1 Bxh1 42. Kxd2 Kf4 43. b4 g5 44. c4 g4 45. b5 cxb5 46. cxb5 g3 47. Rg7 Bd5 48. Bf1 Kf3 49. b6 Kf2 50. Bc4 g2 51. Bxd5 g1=Q 52. Rxg1 Kxg1 53. b7 1-0


[Site "https://www.chess.com"]

[Event "Titled Tuesday Blitz August 15 Early 2023"]
[White "Johnson, Ben"]
[Black "Fajdetic, Hrvoje"]
[WhiteFideId "2010917"]
[BlackFideId "14501945"]
[WhiteElo "2150"]
[BlackElo "2252"]
[Result "0-1"]
[Round "11"]
[TimeControl "180+1"]
[Date "2023.08.15"]
[WhiteClock "0:00:01"]
[BlackClock "0:00:07"]
[Board "140"]

1. Nf3 g6 2. e4 Bg7 3. d4 d6 4. Bc4 e6 5. Nc3 Ne7 6. Qe2 c6 7. Bg5 d5 8. Bd3 f6 9. Be3 a5 10. a4 Na6 11. O-O Nb4 12. Nd2 b6 13. exd5 exd5 14. Bf4 O-O 15. Rae1 Nxd3 16. cxd3 Nf5 17. Nf3 Ba6 18. g4 Nh6 19. Nd2 Re8 20. Qf3 Qd7 21. h3 Rxe1 22. Rxe1 Re8 23. Re3 Rxe3 24. Qxe3 Nf7 25. Na2 Bf8 26. Nf3 Bd6 27. Bxd6 Nxd6 28. b4 axb4 29. Nxb4 Bb7 30. Kf1 Nf7 31. Qc1 Kg7 32. Ne1 h5 33. gxh5 Qxh3+ 34. Ke2 Qxh5+ 35. Kf1 Qh3+ 36. Ke2 Qe6+ 37. Kf1 Ng5 38. Ng2 Nh3 39. Qe3 Ng5 40. Nf4 Qxe3 41. fxe3 Kf7 42. Kf2 Ne6 43. Nc2 Nxf4 44. exf4 Ke6 45. Na1 Kf5 46. Ke3 Ba6 47. Nb3 g5 48. a5 gxf4+ 49. Kf2 bxa5 50. Nxa5 Bb5 51. Kf3 Kg5 52. Ke2 Kg4 53. Nb3 Kg3 54. Nc5 f3+ 55. Kf1 f2 56. Ne6 Bxd3# 0-1


[Site "https://www.chess.com"]

[Event "Titled Tuesday Blitz August 15 Early 2023"]
[White "Ghosh, Chanchal Kumer"]
[Black "Kohler, Aran"]
[WhiteFideId "10201858"]
[BlackFideId "1002856"]
[WhiteElo "2146"]
[BlackElo "2244"]
[Result "1-0"]
[Round "11"]
[TimeControl "180+1"]
[Date "2023.08.15"]
[WhiteClock "0:00:59"]
[BlackClock "0:01:23"]
[Board "141"]

1. e4 c6 2. Nf3 g6 3. Nc3 Bg7 4. d4 d6 5. h3 Nd7 6. Be2 Qc7 7. Be3 Ngf6 8. O-O O-O 9. Qd2 Re8 10. Bh6 Bh8 11. Rfe1 e5 12. Rad1 exd4 13. Nxd4 Nc5 14. Bf3 Be6 15. b4 Na6 16. a3 Rad8 17. Bg5 Rd7 18. Qf4 Qd8 19. b5 Nb8 20. Qh4 d5 21. e5 c5 22. Nxe6 Rxe6 23. exf6 d4 24. Rxe6 dxc3 25. Rxd7 Qxd7 26. Re7 Qxb5 27. Rxb7 Qe8 28. Re7 1-0


[Site "https://www.chess.com"]

[Event "Titled Tuesday Blitz August 15 Early 2023"]
[White "Larina, Maria"]
[Black "Sarkar, Justin"]
[WhiteFideId "24113182"]
[BlackFideId "2010011"]
[WhiteElo "2125"]
[BlackElo "2242"]
[Result "1-0"]
[Round "11"]
[TimeControl "180+1"]
[Date "2023.08.15"]
[WhiteClock "0:00:10"]
[BlackClock "0:00:00"]
[Board "142"]

1. e4 c5 2. Nc3 Nc6 3. g3 h5 4. Nf3 g6 5. Bg2 Bg7 6. d3 d6 7. Bg5 Nf6 8. Qd2 Rb8 9. a4 a6 10. O-O b5 11. axb5 axb5 12. Nd5 Nxd5 13. exd5 Ne5 14. Nxe5 Bxe5 15. c3 O-O 16. Bh6 Bg7 17. Bxg7 Kxg7 18. d4 c4 19. Rfe1 Qc7 20. Qg5 f6 21. Qe3 Kf7 22. Qh6 Rg8 23. Re2 Bg4 24. Re3 g5 25. Qh7+ Rg7 26. Qe4 Qd7 27. Rae1 Re8 28. Qc2 Bf5 29. Qe2 h4 30. Qd2 hxg3 31. fxg3 Rh7 32. Bf3 Bg4 33. Bxg4 Qxg4 34. Qf2 Qd7 35. Qe2 Kf8 36. Rf1 1-0


[Site "https://www.chess.com"]

[Event "Titled Tuesday Blitz August 15 Early 2023"]
[White "Clawitter, Craig"]
[Black "Stangl, Anita, Dr."]
[WhiteFideId "2023105"]
[BlackFideId "4608801"]
[WhiteElo "2237"]
[BlackElo "2114"]
[Result "1-0"]
[Round "11"]
[TimeControl "180+1"]
[Date "2023.08.15"]
[WhiteClock "0:01:23"]
[BlackClock "0:01:30"]
[Board "143"]

1. e4 e6 2. d4 d5 3. e5 c5 4. c3 Nc6 5. Nf3 Qb6 6. a3 cxd4 7. cxd4 f6 8. Bd3 fxe5 9. dxe5 g6 10. h4 Bg7 11. h5 gxh5 12. Nc3 Bd7 13. Na4 Qc7 14. Bf4 O-O-O 15. Rc1 Rf8 16. Bg3 Nge7 17. b4 a6 18. Nc5 Ng6 19. Rxh5 Kb8 20. Bxa6 b6 21. Nxd7+ Qxd7 22. Qa4 Ncxe5 23. Qxd7 1-0


[Site "https://www.chess.com"]

[Event "Titled Tuesday Blitz August 15 Early 2023"]
[White "Kriti Mayur Patel"]
[Black "AndresDelgado77"]
[WhiteFideId "35061780"]
[WhiteElo "2081"]
[BlackElo "2231"]
[Result "0-1"]
[Round "11"]
[TimeControl "180+1"]
[Date "2023.08.15"]
[WhiteClock "0:01:12"]
[BlackClock "0:01:05"]
[Board "144"]

1. e4 e6 2. d4 d5 3. Nc3 Nf6 4. e5 Nfd7 5. f4 c5 6. Nf3 Nc6 7. Be3 cxd4 8. Nxd4 Qb6 9. Na4 Qa5+ 10. c3 Nxd4 11. Bxd4 b5 12. b4 Qxa4 13. Qf3 a5 14. a3 axb4 15. cxb4 Bb7 16. Be2 Bxb4+ 17. Kf2 Bc5 18. Bxc5 Nxc5 19. Rhb1 Ne4+ 20. Ke1 Qa5+ 21. Rb4 Qxb4+ 22. axb4 Rxa1+ 23. Bd1 O-O 24. Qe2 Nc3 25. Qc2 Rxd1+ 26. Kf2 Rd2+ 27. Qxd2 Ne4+ 28. Ke3 Nxd2 29. Kxd2 Rc8 30. g4 Rc4 31. f5 Rxg4 32. fxe6 fxe6 33. h3 Rxb4 34. Kd3 Re4 35. h4 Rxe5 36. h5 Rxh5 37. Kd4 Rf5 38. Kc5 Kf7 39. Kd6 b4 40. Kd7 b3 41. Kc7 Ba6 42. Kd8 b2 43. Kd7 b1=Q 44. Kd6 Qb6+ 45. Kd7 Bb5+ 46. Kc8 Qc6+ 47. Kb8 Ba6 48. Ka7 Qb7# 0-1


[Site "https://www.chess.com"]

[Event "Titled Tuesday Blitz August 15 Early 2023"]
[White "Mesa Cruz, Juan Carlos"]
[Black "Souza Neves, Andrey M."]
[WhiteFideId "6423400"]
[BlackFideId "2101815"]
[WhiteElo "2411"]
[BlackElo "2121"]
[Result "1/2-1/2"]
[Round "11"]
[TimeControl "180+1"]
[Date "2023.08.15"]
[WhiteClock "0:00:16"]
[BlackClock "0:00:05"]
[Board "146"]

1. Nf3 d5 2. g3 g6 3. Bg2 Bg7 4. O-O e5 5. d3 Nc6 6. c4 d4 7. b4 Nxb4 8. Qa4+ Nc6 9. Nxe5 Bxe5 10. Bxc6+ bxc6 11. Qxc6+ Bd7 12. Qe4 f6 13. f4 Bf5 14. Qc6+ Bd7 15. Qd5 Bd6 16. c5 Ne7 17. Qxd4 Nf5 18. Qe4+ Be7 19. c6 Bc8 20. Bb2 O-O 21. Nd2 Kg7 22. Qc4 a5 23. Rf3 Ba6 24. Qe6 Qd6 25. Qxd6 Bxd6 26. e4 Bc5+ 27. Kg2 Nd4 28. Rc1 Nxf3 29. Kxf3 Bb6 30. g4 Rad8 31. Rc3 Bd4 32. Rb3 Bxb2 33. Rxb2 Rxd3+ 34. Kf2 Rfd8 35. Nb3 a4 36. Nc5 Rd2+ 37. Rxd2 Rxd2+ 38. Ke3 Re2+ 39. Kf3 Bb5 40. Ne6+ Kf7 41. Nxc7 Bc4 42. Nd5 Bxd5 43. Kxe2 Bxc6 44. Kd3 Ke7 45. Kd4 h5 46. gxh5 gxh5 47. e5 f5 48. Kc5 Be4 49. a3 Ke6 50. h4 Bc2 51. Kd4 Bb3 52. Kc5 Bd1 53. Kd4 Kd7 54. Kc5 Bb3 55. Kb6 Ke6 56. Kc5 Ke7 57. Kc6 Ke6 58. Kc5 1/2-1/2


[Site "https://www.chess.com"]

[Event "Titled Tuesday Blitz August 15 Early 2023"]
[White "Grigoryan, Meri"]
[Black "Cheer_Down"]
[WhiteFideId "13300571"]
[WhiteElo "2121"]
[BlackElo "2333"]
[Result "0-1"]
[Round "11"]
[TimeControl "180+1"]
[Date "2023.08.15"]
[WhiteClock "0:00:04"]
[BlackClock "0:00:43"]
[Board "148"]

1. d4 Nf6 2. Nf3 d5 3. Bf4 e6 4. c3 c5 5. e3 Nc6 6. Bb5 Qb6 7. Bxc6+ bxc6 8. Qc2 Ba6 9. Nbd2 cxd4 10. exd4 c5 11. Qa4+ Bb5 12. Qb3 Bd3 13. Ne5 Ba6 14. Qa4+ Bb5 15. Qb3 Be7 16. a4 Bd7 17. O-O O-O 18. Nxd7 Nxd7 19. a5 Qa6 20. Qa4 Nf6 21. b4 cxb4 22. cxb4 Qd3 23. Nf3 a6 24. Rfd1 Qe4 25. Bg3 Nh5 26. Bc7 Rfc8 27. Qd7 Bxb4 28. Ne5 Rf8 29. Rab1 Nf4 30. f3 Qe3+ 31. Kh1 Bc3 32. Nc6 Qf2 33. Bxf4 h6 34. Bg3 Qa2 35. Rb7 Qc2 36. Rf1 Qd3 37. Ne7+ Kh8 38. Rfb1 Bxd4 39. Be5 Bxe5 40. Nc6 Bf6 41. Ne7 Bxe7 42. Qxe7 Kg8 43. h3 Qd2 44. R1b2 Qxa5 45. Rd7 Qe1+ 46. Kh2 Qe5+ 0-1


[Site "https://www.chess.com"]

[Event "Titled Tuesday Blitz August 15 Early 2023"]
[White "Winkels, Marcel"]
[Black "rikchessmx"]
[WhiteFideId "1003887"]
[WhiteElo "2078"]
[BlackElo "2314"]
[Result "0-1"]
[Round "11"]
[TimeControl "180+1"]
[Date "2023.08.15"]
[WhiteClock "0:00:00"]
[BlackClock "0:00:47"]
[Board "149"]

1. e4 e5 2. Nf3 Nc6 3. Bb5 Bc5 4. O-O Qf6 5. Nc3 Nge7 6. d3 h6 7. Be3 Bb6 8. Re1 O-O 9. Nd5 Nxd5 10. exd5 Ne7 11. Bxb6 axb6 12. Nxe5 d6 13. Nd7 Bxd7 14. Bxd7 Nxd5 15. Bg4 Qxb2 16. Bf3 Nc3 17. Qd2 d5 18. a4 c6 19. h3 Rxa4 20. Rxa4 Nxa4 21. Re7 Nc5 22. Bh5 Qa1+ 23. Kh2 Qf6 24. Re3 Qf4+ 25. Kg1 d4 26. Re2 Qxd2 27. Rxd2 Re8 28. Kf1 b5 29. Bg4 b4 30. Re2 Rxe2 31. Kxe2 g6 32. Bc8 Kf8 33. Kd2 Ke7 34. Kc1 f5 35. g4 Kd8 36. gxf5 Kxc8 37. fxg6 Ne6 38. Kb2 Kd7 39. Kb3 c5 40. Kc4 Kc6 41. f4 b5+ 42. Kb3 Ng7 43. h4 Kd5 44. Kb2 Ke6 0-1


[Site "https://www.chess.com"]

[Event "Titled Tuesday Blitz August 15 Early 2023"]
[White "Osiecki, Stanislaw"]
[Black "Osinovsky, Stepan"]
[WhiteFideId "1102990"]
[BlackFideId "4157354"]
[WhiteElo "2039"]
[BlackElo "2314"]
[Result "1-0"]
[Round "11"]
[TimeControl "180+1"]
[Date "2023.08.15"]
[WhiteClock "0:00:31"]
[BlackClock "0:00:00"]
[Board "150"]

1. e4 e6 2. d4 d5 3. e5 Nc6 4. c3 b6 5. Nf3 Bb7 6. Bd3 Qd7 7. O-O O-O-O 8. Qe2 Kb8 9. Ba6 Bxa6 10. Qxa6 Qc8 11. Qd3 h6 12. b4 Qb7 13. a4 a6 14. Nbd2 h5 15. Nb3 Na7 16. Be3 Nh6 17. Ng5 Rd7 18. c4 dxc4 19. Qxc4 Nf5 20. Bd2 Nc6 21. Bc3 Nce7 22. Nxf7 Rh7 23. Qxe6 Nh4 24. f3 Rd5 25. Qh3 Nef5 26. g3 g5 27. Nxg5 Rg7 28. gxh4 Nxh4 29. Qxh4 Be7 30. f4 Rd8 31. Bd2 1-0


[Site "https://www.chess.com"]

[Event "Titled Tuesday Blitz August 15 Early 2023"]
[White "Tqebuchava, Zurab"]
[Black "Gyulamiryan-koryun"]
[WhiteFideId "13601113"]
[WhiteElo "2188"]
[BlackElo "2023"]
[Result "0-1"]
[Round "11"]
[TimeControl "180+1"]
[Date "2023.08.15"]
[WhiteClock "0:00:23"]
[BlackClock "0:01:33"]
[Board "151"]

1. e4 c5 2. Nf3 e6 3. b3 Nc6 4. Bb2 b6 5. e5 Bb7 6. Be2 d5 7. exd6 Nf6 8. O-O Bxd6 9. d4 cxd4 10. Nxd4 Nxd4 11. Qxd4 Qc7 12. Bb5+ Ke7 13. h3 Rhd8 14. Qh4 Qxc2 15. Bd4 Qg6 16. f3 Bg3 17. Bxf6+ gxf6 18. Qb4+ Bd6 19. Qe1 Rg8 20. Qe2 Qg3 21. Nd2 Qh2+ 0-1


[Site "https://www.chess.com"]

[Event "Titled Tuesday Blitz August 15 Early 2023"]
[White "campochess"]
[Black "Vargas, Mauricio"]
[BlackFideId "4404572"]
[WhiteElo "2153"]
[BlackElo "1888"]
[Result "1-0"]
[Round "11"]
[TimeControl "180+1"]
[Date "2023.08.15"]
[WhiteClock "0:01:16"]
[BlackClock "0:00:00"]
[Board "152"]

1. d4 d5 2. Bg5 Nf6 3. e3 e6 4. Nd2 Bd6 5. Ngf3 c6 6. Bd3 b6 7. O-O Bb7 8. e4 dxe4 9. Bxf6 Qxf6 10. Nxe4 Qe7 11. Nxd6+ Qxd6 12. c3 Nd7 13. Re1 O-O-O 14. a4 a6 15. b4 Kb8 16. Qe2 Ka7 17. a5 b5 18. Ng5 Rdf8 19. Ne4 Qc7 20. c4 f6 21. Rec1 Qb8 22. Nc3 e5 23. d5 cxd5 24. cxb5 e4 25. b6+ Ka8 26. Bxa6 f5 27. Bb5 Ne5 28. a6 Bc6 29. b7+ Bxb7 30. axb7+ Kxb7 31. Nxd5 Rc8 32. Qe3 1-0


[Site "https://www.chess.com"]

[Event "Titled Tuesday Blitz August 15 Early 2023"]
[White "Feliz Dotel, Dewar Bienvenido"]
[Black "Zepeda Berlanga, Jan Enrique"]
[WhiteFideId "6402801"]
[BlackFideId "5132355"]
[WhiteElo "2176"]
[BlackElo "1961"]
[Result "1-0"]
[Round "11"]
[TimeControl "180+1"]
[Date "2023.08.15"]
[WhiteClock "0:00:52"]
[BlackClock "0:00:27"]
[Board "153"]

1. d4 Nf6 2. e3 g6 3. Nf3 Bg7 4. Be2 d5 5. O-O O-O 6. b4 Qd6 7. a3 Bf5 8. Nbd2 a5 9. b5 c5 10. bxc6 Nxc6 11. c4 Ne4 12. cxd5 Qxd5 13. Bc4 Qd7 14. Nh4 Nxd2 15. Bxd2 Rfc8 16. Nxf5 Qxf5 17. Be2 a4 18. Rb1 Na5 19. Bxa5 Rxa5 20. Rxb7 e5 21. Bg4 Rc1 22. Qxc1 Qxg4 23. Qc7 1-0


[Site "https://www.chess.com"]

[Event "Titled Tuesday Blitz August 15 Early 2023"]
[White "Cardenas Carbajal, Nilson"]
[Black "Politov, Pavel Y."]
[WhiteFideId "8401128"]
[BlackFideId "24110515"]
[WhiteElo "2129"]
[BlackElo "2067"]
[Result "1-0"]
[Round "11"]
[TimeControl "180+1"]
[Date "2023.08.15"]
[WhiteClock "0:00:16"]
[BlackClock "0:00:00"]
[Board "154"]

1. e4 c5 2. d4 cxd4 3. c3 dxc3 4. Nxc3 e6 5. Nf3 a6 6. Bc4 b5 7. Bb3 Nc6 8. O-O Na5 9. Re1 Bb7 10. Bd5 Bxd5 11. Nxd5 Ne7 12. Be3 Nxd5 13. exd5 Be7 14. Ne5 O-O 15. dxe6 dxe6 16. Nd7 Bb4 17. Bb6 Qe7 18. Nxf8 Bxe1 19. Qxe1 Nc4 20. Bd4 Qxf8 21. b3 Na3 22. Rc1 a5 23. Bc5 Qd8 24. Bxa3 b4 25. Bb2 Qd7 26. Qe5 f6 27. Qe4 Rd8 28. h3 Qd2 29. Qc2 1-0